 Dungeon Crawl Stone Soup version 0.19.0-20-gbc5f0c6 (webtiles) character file.

43 dobroeutro the Shooter (level 3, 0/29 HPs)
             Began as a Centaur Hunter on Nov 16, 2016.
             Hit by a goblin thrown by Robin (1 damage)
             ... on level 2 of the Dungeon.
             The game lasted 00:01:49 (1381 turns).

dobroeutro the Shooter (Centaur Hunter)             Turns: 1381, Time: 00:01:50

Health: 0/29       AC:  5    Str: 14    XL:     3   Next: 37%
Magic:  3/3        EV:  9    Int: 10    God:
Gold:   29         SH:  0    Dex: 10    Spells: 0 memorised, 2 levels left

rFire  . . .     SeeInvis .     i - +2 dagger (holy)
rCold  . . .     Gourm    .     c - +0 leather armour
rNeg   . . .     Faith    .     (no shield)
rPois  .         Spirit   .     q - +0 helmet
rElec  .         Reflect  .     (no cloak)
rCorr  .         Harm     .     (no gloves)
MR     .....                    (no barding)
Stlth  +.........               (no amulet)
                                (no ring)
                                (no ring)

@: very quick
A: hooves 3, deformed body, speed 2, tough skin 3
a: no special abilities


You were on level 2 of the Dungeon.
You were not hungry.

You visited 1 branch of the dungeon, and saw 2 of its levels.

You collected 29 gold pieces.

Inventory:

Hand Weapons
 a - a +1 shortbow
 i - a +2 dagger of holy wrath (weapon)
Missiles
 d - 37 arrows
Armour
 c - a +0 leather armour (worn)
 q - a +0 helmet (worn)
Jewellery
 r - a cursed amulet of rage {unknown}
Scrolls
 b - a scroll of remove curse {unknown}
 e - 2 scrolls of identify {unknown}
 h - a scroll of enchant weapon {unknown}
 n - a scroll of teleportation {unknown}
 p - a scroll of immolation {unknown}
Potions
 j - 2 potions of berserk rage {unknown}
 l - a potion of curing {unknown}
 m - a potion of brilliance {unknown}
 o - a potion of flight {unknown}
Comestibles
 f - 2 bread rations
 g - a beef jerky
 k - 2 meat rations


   Skills:
 - Level 2.0 Fighting
 + Level 6.9 Bows
 - Level 1.3 Dodging
 - Level 0.4 Stealth


You had 2 spell levels left.
You didn't know any spells.

Dungeon Overview and Level Annotations

Branches:
Dungeon (2/15)

Altars:

Annotations:
D:2 Robin


Innate Abilities, Weirdness & Mutations

You have hooves in place of feet.
Armour fits poorly on your strangely shaped body.
You cover ground very quickly.
You have extremely tough skin. (AC +3)


Message History

* * * LOW HITPOINT WARNING * * *
Unknown command.
You hit the goblin.
The goblin is severely wounded.
The hobgoblin hits you but does no damage.
The goblin hits you but does no damage.
You closely miss the goblin.
The goblin is severely wounded.
The hobgoblin closely misses you. The goblin hits you but does no damage.
You closely miss the goblin. You kick the goblin.
You kill the goblin!
The hobgoblin hits you.
* * * LOW HITPOINT WARNING * * *
Robin roars a battlecry!
The goblin goes into a battle-frenzy!
You hear a shout! x3
Things that are here:
a dagger; a goblin corpse Robin throws the goblin at you!
You die...

#...#.......## ###
...........## #.#
.######...## .g. .#
##+## #g# ## #.#####
#g# #.#...# #g#
##.#...### #.#
#######........######g#
..<............g@..g..#
.####.#........########
.#....##.#...###
...#..##.#...#
.#...........#
.####.##.##.## .#
#.##.#### .# #.##.# ..
......


You could see Robin, a hobgoblin and a goblin.

Vanquished Creatures
  An ooze (D:1)
  A worm (D:2)
  2 ball pythons
  A giant cockroach (D:1)
  7 goblins
  4 hobgoblins (D:1)
  2 jackals (D:1)
  4 kobolds
  4 bats (D:1)
  6 frilled lizards (D:1)
  2 rats
34 creatures vanquished.

Notes
Turn   | Place    | Note
-------+----------+-------------------------------------------
     0 | D:1      | dobroeutro the Centaur Hunter began the quest for the Orb.
     0 | D:1      | Reached XP level 1. HP: 17/17 MP: 1/1
   124 | D:1      | Reached XP level 2. HP: 16/24 MP: 2/2
   158 | D:1      | Reached skill level 6 in Bows
   586 | D:1      | Reached XP level 3. HP: 19/29 MP: 3/3
   874 | D:2      | Found a faded altar of an unknown god.
   885 | D:2      | HP: 1/29 [worm (7)]
  1358 | D:2      | Noticed Robin
  1375 | D:2      | HP: 1/29 [hobgoblin[Robin] (2)]
  1381 | D:2      | Hit by a goblin thrown by Robin

Skill      XL: |  1  2 |
---------------+-------+-----
Bows           | 6 |  6.9
Fighting       | |  2.0
Dodging        | |  1.3
Stealth        | |  0.4

Action                   || total
-------------------------++-------
Melee: Short sword       ||    22
       Kick              ||    22
       Dagger            ||   102
 Fire: Shortbow          ||     2
  Eat: Chunk             ||     1
Armor: Leather armour    ||    48
Dodge: Dodged            ||    45
